 Dungeon Crawl Stone Soup version 0.20.1-1-g8b1a95d (console) character file.

179 hilaritas the Chopper (level 5, -7/42 HPs)
             Began as a Barachi Fighter on Jan 27, 2018.
             Killed by divine providence
             ... invoked by an orc priest
              (10 damage)
             ... on level 3 of the Dungeon.
             The game lasted 00:06:21 (2626 turns).

hilaritas the Chopper (Barachi Fighter)             Turns: 2626, Time: 00:06:21

Health: -7/42      AC:  9    Str: 18    XL:     5   Next: 59%
Magic:  5/5        EV:  5    Int:  8    God:
Gold:   102        SH: 10    Dex: 12    Spells: 4/4 levels left

rFire    . . .     SeeInvis .   a - +1 war axe
rCold    . . .     Gourm    .   c - +1 shield
rNeg     . . .     Faith    .   i - +0 chain mail
rPois    .         Spirit   .   (no helmet)
rElec    .         Reflect  .   (no cloak)
rCorr    .         Harm     .   (no gloves)
MR       .....                  (no boots)
Stlth    ..........             (no amulet)
Regen    0.2/turn               l - ring of loudness (curse)
MPRegen  0.1/turn               (no ring)

@: slow
A: +LOS, swims, slowness 1, strong legs 1
a: Hop


You were on level 3 of the Dungeon.
You were not hungry.

You visited 1 branch of the dungeon, and saw 3 of its levels.

You collected 102 gold pieces.

Inventory:

Hand Weapons
 a - a +1 war axe (weapon)
 e - a +0 whip
Missiles
 n - a throwing net (quivered)
Armour
 c - a +1 shield (worn)
 i - a +0 chain mail (worn)
Jewellery
 j - an uncursed ring of ice
 l - a cursed ring of loudness (left hand)
Scrolls
 m - a scroll of teleportation
Potions
 b - a potion of lignification {unknown}
 d - 2 potions of might
 g - a potion of brilliance
Comestibles
 f - 3 bread rations
 k - 2 meat rations
 o - 2 chunks of flesh


   Skills:
 + Level 4.2 Fighting
 * Level 5.0 Axes
 - Level 3.6 Armour
 + Level 4.4 Shields


You had 4 spell levels left.
You didn't know any spells.

Dungeon Overview and Level Annotations

Branches:
Dungeon (3/15)

Altars:
Ashenzari
Dithmenos
Kikubaaqudgha
Xom


Innate Abilities, Weirdness & Mutations

Shadows flee at your approach. (+LOS)
You can swim through water.
You cover ground slowly.
You can hop short distances.


Message History

You feel better. You block the orc priest's attack.
Your shield and chain mail prevent you from hitting the orc priest.
You block the orc priest's attack. x2
You slash the orc priest!
The orc priest is heavily wounded.
You block the orc priest's attack.
You completely miss the orc priest.
The orc priest is heavily wounded.
You block the orc priest's attack.
You closely miss the orc priest.
The orc priest is heavily wounded.
The orc priest begins to cast a cantrip, but forgets the words!
The orc priest mumbles some strange prayers to Beogh against you.
Beogh smites you!
* * * LOW HITPOINT WARNING * * *
Your shield and chain mail prevent you from hitting the orc priest.
The orc priest is heavily wounded.
The orc priest mumbles some strange prayers to Beogh against you.
Beogh smites you!
You die...

##########.#
#.#
###########.#
#.........#.#
#.........#.#
#...........#
####'########
#.# #.# #.#
#@# #.o....#
+.....$#
#.....(#
#......#
#......#
#......#
#......#
#......#


You could see an orc priest.

Vanquished Creatures
  A vampire bat (D:2)
  4 gnolls (D:2)
  2 adders
  2 worms
  2 dart slugs
  3 leopard geckos
  8 orcs (D:3)
  3 bats
  4 bat skeletons (D:2)
  3 bat zombies (D:2)
  2 giant cockroaches (D:2)
  6 goblins
  4 hobgoblins
  4 jackals (D:3)
  5 kobolds
  A ball python (D:2)
  3 frilled lizards
  3 rats
60 creatures vanquished.

Notes
Turn   | Place    | Note
-------+----------+-------------------------------------------
     0 | D:1      | hilaritas the Barachi Fighter began the quest for the Orb.
     0 | D:1      | Reached XP level 1. HP: 18/18 MP: 1/1
   224 | D:1      | Reached XP level 2. HP: 10/25 MP: 2/2
   952 | D:1      | Found a shattered altar of Ashenzari.
  1150 | D:2      | Reached XP level 3. HP: 24/30 MP: 3/3
  1564 | D:2      | Found a shadowy altar of Dithmenos.
  1579 | D:2      | Reached skill level 3 in Axes
  1629 | D:2      | Found a shimmering altar of Xom.
  1680 | D:2      | Reached XP level 4. HP: 18/37 MP: 4/4
  2125 | D:2      | Reached skill level 4 in Axes
  2335 | D:2      | Found an ancient bone altar of Kikubaaqudgha.
  2359 | D:2      | Reached XP level 5. HP: 39/42 MP: 5/5
  2619 | D:3      | Reached skill level 5 in Axes
  2625 | D:3      | HP: 3/42 [orc priest/divine providence (14)]
  2626 | D:3      | Killed from afar by an orc priest

Skill      XL: |  1  2  3  4  5 |
---------------+----------------+-----
Axes           | 3 4 5 |  5.0
Shields        | 4 |  4.4
Fighting       | 4 |  4.2
Armour         | |  3.6

Action                   |  1- 3 |  4- 6 || total
-------------------------+-------+-------++-------
Melee: War axe           |   110 |   120 ||   230
  Use: Scroll            |     7 |     1 ||     8
       Potion            |     1 |     1 ||     2
  Eat: Chunk             |     3 |     4 ||     7
Armor: Scale mail        |    40 |       ||    40
       Chain mail        |     5 |    76 ||    81
Dodge: Dodged            |    31 |    24 ||    55
Block: Shield            |    61 |    86 ||   147
